Map: Dash and Terminal LE (Void)

Players

Toons - Winner!

  • Race: Zerg Zerg
  • League: Silver

Attrition

  • Race: Zerg Zerg
  • League: Grandmaster

VOD

Have the link to the VOD?

Description

Time

  • Played on: Aug. 2, 2015, 1:12 a.m.
  • Length: 4:36
Show
View Real Time Build Order
Export as new Build Order

Toons Zerg - Winner!

Build Orders: Pool First 

Get SALT Encoding   

  12  0:02  Drone  
  13  0:09  Drone  
  14  0:17  Overlord  
  14  0:26  Extractor  
  13  0:28  Drone  
  15  0:37  Drone x2  
  17  0:46  Spawning Pool  
  16  0:50  Drone  
  17  0:57  Extractor  
  16  1:05  Drone  
  16  1:10  Drone  
  18  1:34  Zergling x4  
  18  1:35  Queen  
  22  1:40  Overlord  
  23  2:01  Zergling x2  
  23  2:02  Metabolic Boost  
  23  2:21  Hatchery  
  22  2:25  Drone x3  
  25  2:36  Overlord  
  25  2:37  Roach Warren  
  24  2:50  Zergling x6  
  24  2:51  Zergling x2  
  28  3:03  Queen, Extractor  
  29  3:25  Zergling x4  
  29  3:26  Zergling x10  
  36  3:59  Zergling x2  
  36  4:00  Zergling x8  
Show
View Real Time Build Order
Export as new Build Order

Attrition Zerg 

Build Orders: Pool First 

Get SALT Encoding   

  12  0:01  Drone  
  13  0:11  Drone  
  14  0:18  Overlord  
  14  0:36  Drone x3  
  17  0:52  Spawning Pool  
  17  0:56  Extractor  
  15  1:06  Drone x2  
  17  1:15  Drone  
  18  1:29  Hatchery  
  17  1:36  Drone x2  
  19  1:48  Zergling x2  
  19  1:51  Queen  
  22  2:00  Overlord  
  22  2:08  Overlord  
  21  2:13  Zergling x2  
  22  2:24  Zergling x2  
  23  2:40  Metabolic Boost  
  23  2:44  Roach Warren  
  23  2:47  Drone x3  
  25  2:52  Zergling x2  
  26  3:04  Drone x2  
  28  3:08  Queen  
  30  3:24  Drone x2  
  30  3:25  Drone x4  
  36  3:36  Evolution Chamber  
  34  3:48  Zergling x2  
  34  3:49  Zergling x12  
  39  3:58  Spine Crawler  
  39  3:59  Spine Crawler  
  17  4:17  Roach x3  
Tags
 
Add a new tag
Caveats
  • Supply blocks, unpowered buildings, or Contaminate may cause inaccurate times.
  • Supply counts are checked every 10 seconds.